 Dungeon Crawl Stone Soup version 0.22-a0-406-g9ff8d77 (webtiles) character file.

3495 KristoblXynda the Cleaver (level 9, -2/70 HPs)
             Began as a Minotaur Fighter on May 8, 2018.
             Was a Follower of Yredelemnul.
             Killed from afar by a gargoyle (19 damage)
             ... with a stone arrow
             ... on level 7 of the Dungeon.
             The game lasted 00:13:28 (5717 turns).

KristoblXynda the Cleaver (Minotaur Fighter)        Turns: 5717, Time: 00:13:29

Health: -2/70      AC: 20    Str: 20    XL:     9   Next: 80%
Magic:  11/11      EV:  8    Int:  8    God:    Yredelemnul [*.....]
Gold:   329        SH: 11    Dex: 11    Spells: 8/8 levels left

rFire    . . .     SeeInvis .   a - +1 war axe
rCold    . . .     Gourm    .   c - +0 shield
rNeg     + . .     Faith    .   g - +1 pearl dragon scales
rPois    .         Spirit   .   (helmet restricted)
rElec    .         Reflect  .   l - +2 cloak
rCorr    .         Harm     .   j - +0 pair of gloves
MR       +....                  (no boots)
Stlth    ..........             (no amulet)
HPRegen  0.21/turn              i - ring of protection from magic
MPRegen  0.12/turn              o - ring of flight

@: no status effects
A: retaliatory headbutt, horns 2
a: Animate Remains, Renounce Religion, Evoke Flight


You were on level 7 of the Dungeon.
You worshipped Yredelemnul.
Yredelemnul was aware of your devotion.
You were not hungry.

You visited 2 branches of the dungeon, and saw 8 of its levels.

You collected 427 gold pieces.
You spent 98 gold pieces at shops.

Inventory:

Hand Weapons
 a - a +1 war axe (weapon)
Armour
 b - a scarf of cloud immunity
 c - a +0 shield (worn)
 g - +1 pearl dragon scales (worn)
 j - a +0 pair of gloves (worn)
 l - a +2 cloak (worn)
Jewellery
 i - a ring of protection from magic (left hand)
 o - a ring of flight (right hand)
 y - an uncursed amulet of the gourmand {unknown}
Wands
 s - a wand of clouds (4)
 v - a wand of acid (22)
Scrolls
 d - a scroll of teleportation {unknown}
 e - a scroll of random uselessness {unknown}
 m - 2 scrolls of magic mapping {unknown}
 n - 3 scrolls of blinking {unknown}
 p - a scroll of immolation
 q - 7 scrolls of remove curse
 r - a scroll of fear {unknown}
 u - a scroll of amnesia {unknown}
 x - 2 scrolls of identify
Potions
 h - a potion of curing
 k - 2 potions of haste
 t - a potion of flight {unknown}
 w - a potion of brilliance
Comestibles
 f - 6 rations


   Skills:
 - Level 3.6 Fighting
 + Level 10.9 Axes
 + Level 9.2 Armour
 + Level 9.2 Shields
 + Level 4.0 Invocations


You had 8 spell levels left.
You didn't know any spells.

Dungeon Overview and Level Annotations

Branches:
Dungeon (7/15)             Temple (1/1) D:5

Altars:
Ashenzari
Cheibriados
Dithmenos
Elyvilon
Fedhas
Gozag
Hepliaklqana
Kikubaaqudgha
Makhleb
Nemelex Xobeh
Okawaru
Qazlal
Ru
Sif Muna
Trog
Uskayaw
Vehumet
Wu Jian
Xom
Yredelemnul
Zin
The Shining One

Shops:
D:6 *


Innate Abilities, Weirdness & Mutations

You reflexively headbutt those who attack you in melee.
You have a pair of horns on your head.


Message History

The gargoyle hits you but does no damage.
You hit the gargoyle but do no damage.
The gargoyle is almost destroyed.
The gargoyle hits you with a morningstar.
You hit the gargoyle but do no damage.
The gargoyle is almost destroyed.
You barely miss the gargoyle.
The gargoyle is almost destroyed.
You block the gargoyle's attack.
You closely miss the gargoyle.
You headbutt the gargoyle, but do no damage.
The gargoyle is almost destroyed.
The gargoyle hits you with a morningstar!
* * * LOW HITPOINT WARNING * * *
You hit the gargoyle but do no damage.
The gargoyle is almost destroyed.
The gargoyle hurls a stone arrow at you.
The stone arrow hits you!
You die...
Your body rises from the dead as a mindless zombie.

.##..####...# ##).'##[#..#
.##..###...###+.....)###.#
.......#...#8#.......#)#.#
.......#.............)##.#
.......#.........8....##.#
.......#.............'##.#
######'#...#8#.......#8#.# #
.........#.###+.....)###.# #
.........#..# ##@.'##.#..########
.........#..###9###8###.#........
<........#....#######...#........
.........#..#.........########'##
.#########..###'###...).(...#..##
.#.......)........#.........#....
.#................#.......(.'....
.#..##..##..###.###.........#####
.#..######..###.#....####........


You could see a gargoyle.

Vanquished Creatures
  Joseph (D:7)
  4 gargoyles (D:7)
  Grinder (D:3)
  Sigmund (D:3)
  Menkaure (D:7)
  A water moccasin (D:6)
  2 ogres
  A centaur (D:7)
  A bullfrog (D:6)
  A water moccasin zombie (D:5)
  3 howler monkeys
  3 crimson imps
  5 jellies
  3 orc priests
  2 centaur skeletons
  Crazy Yiuf (D:3)
  2 iguanas (D:4)
  2 orc wizards
  2 worker ants
  Terence (D:2)
  2 hound skeletons (D:3)
  A worker ant zombie (D:5)
  11 gnolls
  10 adders
  2 shadow imps (D:5)
  2 adder zombies (D:6)
  6 worms
  A dart slug (D:1)
  5 leopard geckos
  11 orcs
  7 bats
  7 giant cockroaches
  6 goblins
  8 hobgoblins
  2 jackals (D:1)
  6 quokkas
  2 frilled lizards
  8 kobolds
  A quokka zombie (D:6)
  3 rats (D:2)
139 creatures vanquished.

Notes
Turn   | Place    | Note
-------+----------+-------------------------------------------
     0 | D:1      | KristoblXynda the Minotaur Fighter began the quest for the Orb.
     0 | D:1      | Reached XP level 1. HP: 19/19 MP: 0/0
   153 | D:1      | Reached XP level 2. HP: 25/26 MP: 1/1
   241 | D:1      | Reached skill level 3 in Axes
   552 | D:2      | Noticed Terence
   607 | D:2      | Reached XP level 3. HP: 31/31 MP: 2/2
   762 | D:2      | Reached skill level 4 in Axes
   764 | D:2      | Reached XP level 4. HP: 39/39 MP: 3/3
   793 | D:2      | Killed Terence
  1093 | D:3      | Reached XP level 5. HP: 45/45 MP: 4/4
  1126 | D:3      | Noticed Sigmund
  1127 | D:3      | Found a faded altar of an unknown god.
  1139 | D:3      | Killed Sigmund
  1139 | D:3      | Reached skill level 5 in Axes
  1139 | D:3      | Reached skill level 5 in Armour
  1139 | D:3      | Reached skill level 5 in Shields
  1139 | D:3      | Reached XP level 6. HP: 20/51 MP: 5/5
  1586 | D:3      | Found a runed door.
  1696 | D:3      | Noticed Crazy Yiuf
  1705 | D:3      | Killed Crazy Yiuf
  1705 | D:3      | Reached skill level 6 in Axes
  1880 | D:3      | Noticed Grinder
  1896 | D:3      | Paralysed by Grinder for 7 turns
  1904 | D:3      | Killed Grinder
  1904 | D:3      | Reached XP level 7. HP: 43/57 MP: 6/6
  2173 | D:4      | Reached skill level 7 in Axes
  2229 | D:4      | Found an ancient bone altar of Kikubaaqudgha.
  2229 | D:4      | Found a bloodstained altar of Trog.
  2230 | D:4      | Found a shimmering altar of Xom.
  2363 | D:4      | Found a shimmering altar of Xom.
  2723 | D:4      | Reached skill level 8 in Axes
  2964 | D:5      | Entered Level 5 of the Dungeon
  2969 | D:5      | Found a staircase to the Ecumenical Temple.
  2990 | Temple   | Entered the Ecumenical Temple
  3155 | Temple   | Became a worshipper of Yredelemnul the Dark
  3216 | D:5      | Reached XP level 8. HP: 64/64 MP: 7/7
  3934 | D:6      | Reached * piety under Yredelemnul
  3937 | D:6      | Found an iron altar of Okawaru.
  3950 | D:6      | Found Daashrem's General Store.
  3958 | D:6      | Bought a scarf of cloud immunity for 98 gold pieces
  3990 | D:6      | Reached skill level 9 in Axes
  4460 | D:7      | Found a hazy altar of Hepliaklqana.
  4557 | D:7      | Noticed Joseph
  4577 | D:7      | Killed Joseph
  4577 | D:7      | Reached skill level 10 in Axes
  4577 | D:7      | Reached skill level 1 in Invocations
  4577 | D:7      | Reached XP level 9. HP: 52/70 MP: 7/9
  4793 | D:7      | Noticed Menkaure
  4798 | D:7      | Killed Menkaure
  5129 | D:7      | Found a glowing golden altar of the Shining One.
  5202 | D:7      | Noticed a gargoyle
  5210 | D:7      | Killed a gargoyle
  5341 | D:7      | Noticed a gargoyle
  5354 | D:7      | Killed a gargoyle
  5543 | D:7      | Noticed a gargoyle
  5554 | D:7      | Killed a gargoyle
  5626 | D:7      | Noticed a gargoyle
  5636 | D:7      | Killed a gargoyle
  5700 | D:7      | Noticed a gargoyle
  5717 | D:7      | Killed from afar by a gargoyle

Vault maps used:
D:1:      minmay_arrival_jagged, minmay_fountain_box
D:2:      uniq_terence
D:3:      first_ration, chequers_ecumenical_altar_simple_redux,
          kennysheep_generic_room_3, uniq_grinder, uniq_crazy_yiuf_cottage,
          uniq_sigmund
D:4:      gammafunk_temple_overflow_claw, dk_xom_monty_hall
D:5:      minmay_temple_entry_statues_pillars, roderic_lattice_a
D:6:      okawaru_metal_pillars_1_2, serial_corexii_hall,
          corexii_hall_statues_x, corexii_hall_statues_t, serial_shops,
          nicolae_shop_crystal
D:7:      cheibrodos_statue_roulette, nicolae_overflow_crystal_walls,
          tso_oasis_becter, uniq_menkaure, uniq_joseph
Temple:   regret_index_temple_sphere_string

Skill      XL: |  1  2  3  4  5  6  7  8  9 |
---------------+----------------------------+-----
Axes           | 3 4 5 6 8 10 | 10.9
Shields        | 4 5 6 8 9 |  9.2
Armour         | 4 5 6 8 9 |  9.2
Invocations    | 1 4 |  4.0
Fighting       | |  3.6

Action                   |  1- 3 |  4- 6 |  7- 9 || total
-------------------------+-------+-------+-------++-------
Melee: War axe           |    67 |   103 |   309 ||   479
       Headbutt          |     9 |    12 |    66 ||    87
  Use: Potion            |       |     3 |     3 ||     6
       Scroll            |       |     2 |     7 ||     9
  Eat: Ration            |       |     1 |     2 ||     3
       Chunk             |       |       |     7 ||     7
Armor: Scale mail        |    27 |       |       ||    27
       Pearl dragon scal |    21 |    45 |   119 ||   185
       Skin              |       |       |    10 ||    10
Dodge: Dodged            |    26 |    23 |    66 ||   115
Block: Shield            |    43 |    57 |   137 ||   237

Table legend:
 A = Spawn XP
 B = Non-spawn XP
 C = Spawn XP percentage of total XP
 D = Spawn monster count
 E = Non-spawn monster count
 F = Spawn count percentage of total count
 G = Total turns spent on level
                    A         B        C        D         E        F      G
               +---------+---------+-------+---------+---------+-------+---------
         Total |       0 |    4994 |   0.0 |       0 |     139 |   0.0 |  5717
               +---------+---------+-------+---------+---------+-------+---------
           D:1 |       0 |      38 |   0.0 |       0 |      19 |   0.0 |   582
           D:2 |       0 |     133 |   0.0 |       0 |      21 |   0.0 |   490
           D:3 |       0 |     636 |   0.0 |       0 |      23 |   0.0 |  1074
           D:4 |       0 |     509 |   0.0 |       0 |      20 |   0.0 |   818
           D:5 |       0 |     504 |   0.0 |       0 |      22 |   0.0 |   662
           D:6 |       0 |     472 |   0.0 |       0 |      18 |   0.0 |   599
           D:7 |       0 |    2702 |   0.0 |       0 |      16 |   0.0 |  1296
               +---------+---------+-------+---------+---------+-------+---------
